 Dungeon Crawl Stone Soup version 0.32-a0-871-ge202e49faa (webtiles) character file.

Game seed: 2597322811605785627

3311 Autsider the Grappler (level 9, -1/89 HPs)
             Began as a Troll Fighter on Mar 29, 2024.
             Was a Follower of Wu Jian.
             Slain by a hornet (12 damage)
             ... on level 8 of the Dungeon.
             The game lasted 00:15:30 (5746 turns).

Autsider the Grappler (Troll Fighter)               Turns: 5746, Time: 00:15:31

Health: -1/89      AC:  4    Str: 26    XL:     9   Next: 70%
Magic:  8/8        EV: 10    Int:  4    God:    Wu Jian [*.....]
Gold:   353        SH: 10    Dex: 13    Spells: 8/8 levels left

rFire   . .          .
                       - Unarmed
rCold   . . .        b - +1 kite shield
rNeg    + . .        a - +0 robe
rPois   .            (helmet restricted)
rElec   .            (no cloak)
rCorr   .            (gloves unavailable)
SInv    .            (boots unavailable)
Will    +....        (no amulet)
Stlth   +            n - ring of willpower
HPRegen 1.14/turn    C - ring of positive energy
MPRegen 0.11/turn

%: no passive effects
@: lethally poisoned (-1 -> -16), slowed, very slow
A: large, unfitting armour, claws 3, regeneration 1, shaggy fur 1, tough skin 1
a: Renounce Religion


You were on level 8 of the Dungeon.
You worshipped Wu Jian.
Wu Jian was aware of your devotion.
You visited 2 branches of the dungeon, and saw 9 of its levels.
You also visited: Sewer.

You collected 418 gold pieces.
You spent 65 gold pieces at shops.

Inventory:

Hand Weapons
 q - the +5 mace of Upheaval {heavy, Will+ Str+4}
   (You found it on level 2 of the Dungeon)

   Str+4:     It affects your strength (+4).
   Will+:     It increases your willpower.
Missiles
 o - 2 curare-tipped darts (quivered)
Armour
 a - a +0 robe (worn)
 b - a +1 kite shield (worn)
Jewellery
 e - a ring of wizardry
 n - a ring of willpower (left claw)
 C - a ring of positive energy (right claw)
Wands
 m - a wand of flame (14)
 B - a wand of charming (5)
Scrolls
 d - a scroll of fear
 i - a scroll of fog
 l - 2 scrolls of identify
 p - a scroll of poison {unknown}
 v - a scroll of silence
 w - a scroll of immolation
 y - a scroll of blinking
 z - 5 scrolls of teleportation
 D - a scroll of vulnerability
Potions
 c - a potion of might
 f - 3 potions of invisibility
 g - 3 potions of magic
 h - 2 potions of cancellation {unknown}
 j - 2 potions of curing
 k - 2 potions of degeneration
 r - 4 potions of haste
 t - a potion of mutation
 u - a potion of brilliance {unknown}
 x - a potion of berserk rage {unknown}
 A - 2 potions of enlightenment {unknown}


   Skills:
 + Level 5.7 Fighting
 + Level 5.7 Dodging
 + Level 6.2 Shields
 * Level 9.0 Unarmed Combat


You had 8 spell levels left.
You didn't know any spells.
Your spell library contained the following spells:

 Spells                   Type           Power      Damage    Failure   Level
 Kiss of Death            Conj/Necr      0%         2d5       71%         1
 Confusing Touch          Hex            0%         N/A       97%         3
 Dazzling Flash           Conj/Hex       0%         N/A       97%         3
 Mephitic Cloud           Conj/Alch/Air  0%         N/A       97%         3
 Dispel Undead            Necr           0%         3d6       100%        4
 Curse of Agony           Necr           0%         N/A       100%        5
 Silence                  Hex/Air        0%         N/A       100%        5


Dungeon Overview and Level Annotations

Branches:
Dungeon (8/15)             Temple (1/1) D:6           Sewer (visited)
   Lair: D:8-11

Altars:
Ashenzari
Cheibriados
Elyvilon
Gozag
Kikubaaqudgha
Nemelex Xobeh
Qazlal
Ru
Sif Muna
Uskayaw
Vehumet
Wu Jian
Xom
Yredelemnul
Zin
The Shining One

Shops:
D:1 [   D:5 ?   D:8 *


Innate Abilities, Weirdness & Mutations

You are too large for most types of armour.
You have claws for hands.
Your natural rate of healing is unusually fast.
You are covered in fur. (AC +1)
You have tough skin. (AC +1)


Message History

The hornet stings you.
* * * LOW HITPOINT WARNING * * *
You shrug off the repeated paralysis!
You block the hornet's attack.
You scratch the hornet.
The hornet is severely wounded.
You feel sick. You block the hornet's attack. The hornet stings you!
* * * LOW HITPOINT WARNING * * *
You suddenly lose the ability to move!
You feel sick.
The hornet stings you but does no damage.
You can move again.
You scratch the hornet.
The hornet is severely wounded.
You feel sick. You block the hornet's attack.
You barely miss the hornet.
The hornet is severely wounded.
You feel sick. The hornet barely misses you. You block the hornet's attack.
You barely miss the hornet.
The hornet is severely wounded.
You feel sick. The hornet stings you!
* * * LOW HITPOINT WARNING * * *
You feel yourself slow down.
You feel better.
You feel yourself speed up. The hornet closely misses you.
The hornet stings you!
* * * LOW HITPOINT WARNING * * *
You are poisoned.
You feel yourself slow down. The hornet stings you!
* * * LOW HITPOINT WARNING * * *
You are more poisoned.
You feel as though you will be slow longer.
You feel much better.
You feel extremely sick. The hornet stings you!
* * * LOW HITPOINT WARNING * * *
You are lethally poisoned!
You feel as though you will be slow longer.
The hornet stings you!
You die...

......###.#######
..###............ .......##+.
#.....##..####### #.....#...#
#####.....# #.......#.#
###..##.## .........#
###.....#..## ........#
....###..>..### #.#.#...
#.....####....###### #.#.)#
#.....# ##.#...@y.###....#
#.....# #.######.......)#
#.....#####.##########.#.#...#
#.................. ...........
#.....#####......#####.##.......
#.....# ##........## #.# .......
#.....# #....).....# #.# #######
#.....# #..........# #.# ####
.####.###..<†......# .#


You could see a hornet.

Vanquished Creatures
  3 yaks (D:7)
  Grum (D:8)
  Menkaure (D:7)
  A water moccasin (D:7)
  An orc warrior (D:8)
  2 ice beasts
  2 black bears (D:5)
  An ogre (D:7)
  2 wolves
  2 centaurs (D:6)
  A phantom (D:4)
  2 kobold brigands (D:6)
  3 bullfrogs
  3 scorpions
  A wight (D:8)
  A howler monkey (D:6)
  2 hounds
  A jelly (D:4)
  3 bombardier beetles
  2 orc priests
  A sleepcap (D:6)
  6 iguanas
  Ijyb (D:4)
  A gnoll bouda (D:6)
  A hell rat (Sewer)
  7 orc wizards
  Robin (D:3)
  5 gnolls (D:6)
  6 adders
  2 river rats (Sewer)
  A white imp (D:5)
  6 ufetubi
  A ribbon worm (D:4)
  4 dart slugs
  20 orcs
  6 ball pythons
  4 bats
  5 endoplasms
  3 giant cockroaches
  17 goblins
  7 hobgoblins
  6 jackals
  A quokka (D:2)
  2 frilled lizards
  17 kobolds
  10 rats
176 creatures vanquished.

Notes
Turn   | Place    | Note
-------+----------+-------------------------------------------
     0 | D:1      | Autsider the Troll Fighter began the quest for the Orb.
     0 | D:1      | Reached XP level 1. HP: 22/22 MP: 0/0
   208 | D:1      | Reached XP level 2. HP: 29/29 MP: 1/1
   376 | D:1      | Found Zeaxeimp's Antique Armour Boutique.
   815 | D:2      | Identified the +5 mace of Upheaval {heavy, Will+ Str+4}
   848 | D:2      | Reached XP level 3. HP: 36/36 MP: 2/2
  1143 | D:3      | Found a glowing drain.
  1174 | D:3      | Reached skill level 3 in Unarmed Combat
  1179 | D:3      | Reached XP level 4. HP: 39/44 MP: 3/3
  1185 | Sewer    | Entered a sewer
  1354 | D:3      | Reached XP level 5. HP: 21/53 MP: 4/4
  1424 | D:3      | Noticed Robin
  1458 | D:3      | Killed Robin
  1889 | D:3      | Reached skill level 4 in Unarmed Combat
  2012 | D:3      | Found a basalt altar of Yredelemnul.
  2318 | D:4      | Noticed a phantom
  2344 | D:4      | Killed a phantom
  2345 | D:4      | Reached XP level 6. HP: 20/61 MP: 5/5
  2513 | D:4      | Noticed Ijyb
  2521 | D:4      | Killed Ijyb
  2735 | D:4      | Reached skill level 5 in Unarmed Combat
  2747 | D:4      | Found a stormy altar of Qazlal.
  2912 | D:5      | Entered Level 5 of the Dungeon
  2920 | D:5      | Reached XP level 7. HP: 66/68 MP: 6/6
  3232 | D:5      | Found Piovoome's Magic Scroll Shoppe.
  3269 | D:5      | Bought a scroll of identify for 26 gold pieces
  3269 | D:5      | Bought a scroll of teleportation for 39 gold pieces
  3390 | D:5      | Found a glowing silver altar of Zin.
  3390 | D:5      | Found a snail-covered altar of Cheibriados.
  3443 | D:5      | Found a hide-covered altar of Uskayaw.
  3698 | D:6      | Reached skill level 6 in Unarmed Combat
  3712 | D:6      | Reached XP level 8. HP: 46/78 MP: 7/7
  3834 | D:6      | Reached skill level 5 in Shields
  3929 | D:6      | Found a staircase to the Ecumenical Temple.
  3941 | Temple   | Entered the Ecumenical Temple
  3946 | Temple   | Became a worshipper of the Wu Jian Council
  3991 | D:6      | Reached skill level 7 in Unarmed Combat
  4105 | D:6      | Found a shimmering altar of Xom.
  4107 | D:6      | Found a shimmering altar of Xom.
  4729 | D:7      | Noticed Menkaure
  4792 | D:7      | Killed Menkaure
  4793 | D:7      | Reached skill level 5 in Fighting
  4793 | D:7      | Reached skill level 5 in Dodging
  4793 | D:7      | Reached XP level 9. HP: 9/88 MP: 8/8
  4925 | D:7      | Reached * piety under Wu Jian
  5090 | D:7      | Reached skill level 8 in Unarmed Combat
  5473 | D:8      | Found Xaheic's General Store.
  5480 | D:8      | Noticed Grum
  5631 | D:8      | Killed Grum
  5722 | D:8      | Reached skill level 9 in Unarmed Combat
  5737 | D:8      | Paralysed by a hornet for 1 turns
  5740 | D:8      | Paralysed by a hornet for 1 turns
  5745 | D:8      | HP: 2/89 [hornet (15)]
  5746 | D:8      | Slain by a hornet

Illustrated notes

Levels and vault maps discovered:
D:1:      tarquinn_simple_flora_water_f, layout_basic, serial_shops,
          shop_fountains, minmay_misc_feat_ornament
D:2:      layout_basic
D:3:      minmay_general_purpose_star, layout_basic, yredelemnul_altar_generic,
          gup_sewer_entry_glass, uniq_robin
D:4:      layout_loops_ring, kennysheep_little_box,
          kennysheep_opposing_triangles, uniq_ijyb
D:5:      nicolae_cairo_tiling_large, layout_loops_ring,
          nicolae_uskayaw_dance_hall, nicolae_overflow_two_pavilions,
          serial_shops, nicolae_shop_trees
D:6:      layout_loops_corners, xom_redecorated, temple_green,
          corexii_hall_statues_x, grunt_ministairs_10
D:7:      layout_loops_ring, uniq_menkaure
D:8:      layout_rooms, trog_hazing_becter, serial_shops,
          nicolae_shop_pleasant_corner_grove, shop, nicolae_shop_rolling_square,
          shop, reono_crystal_passage, minmay_fractal_squares_diagonal_5,
          uniq_grum
Temple:   hellmonk_temple_micro_hex

Skill      XL: |  1  2  3  4  5  6  7  8  9 |
---------------+----------------------------+-----
Shields        | 3 4 5 6 |  6.2
Unarmed Combat | 3 4 5 6 7 9 |  9.0
Fighting       | 3 4 5 |  5.7
Dodging        | 3 4 5 |  5.7

Action                     |  1- 3 |  4- 6 |  7- 9 || total
---------------------------+-------+-------+-------++-------
  Melee: Unarmed           |    92 |   166 |   310 ||   568
Ability: Lunge             |       |       |     8 ||     8
         Whirlwind         |       |       |    10 ||    10
    Use: Potion            |       |     2 |     2 ||     4
         Scroll            |       |       |    15 ||    15
   Stab: Sleeping          |     2 |     3 |       ||     5
 Armour: Robe              |    47 |    80 |   172 ||   299
  Dodge: Dodged            |    22 |    45 |    92 ||   159
  Block: Kite shield       |    34 |    76 |   133 ||   243

Table legend: (Time is in decaauts)
 A = Elapsed time spent in this place.
 B = Non-inter-level travel time spent in this place.
 C = Inter-level travel time spent in this place.
 D = Time resting spent in this place.
 E = Time spent auto-exploring this place.
 F = Levels seen in this place.
 G = Mean time per level.
                   A        B        C        D        E       F      G
               +--------+--------+--------+--------+--------+-----+--------+
         Total |   5760 |   5523 |    237 |    197 |   4103 |  10 |  576.0 |
       Dungeon |   5663 |   5434 |    229 |    197 |   4075 |   8 |  707.9 |
        Temple |     15 |      7 |      8 |      0 |      0 |   1 |   15.0 |
         Sewer |     81 |     81 |      0 |      0 |     28 |   1 |   81.0 |
               +--------+--------+--------+--------+--------+-----+--------+

Top non-repeatable levels by time:
     D:6: 1078 daAuts
     D:4: 853 daAuts
     D:7: 852 daAuts
     D:3: 842 daAuts
     D:5: 747 daAuts
     D:2: 582 daAuts
     D:1: 565 daAuts
     D:8: 141 daAuts
   Sewer: 81 daAuts
  Temple: 15 daAuts
